 Dungeon Crawl Stone Soup version 0.28-a0-863-g8cecda6153 (webtiles) character file.

Game seed: 17081315848354972834

65 bande the Covered (level 4, -1/29 HPs)
             Began as a Gargoyle Fighter on Nov 18, 2021.
             Killed from afar by a white imp (9 damage)
             ... with a puff of frost
             ... summoned by Natasha
             ... on level 2 of the Dungeon.
             The game lasted 00:02:45 (1719 turns).

bande the Covered (Gargoyle Fighter)                Turns: 1719, Time: 00:02:45

Health: -1/29      AC: 13    Str: 20    XL:     4   Next: 13%
Magic:  4/4        EV:  7    Int:  9    God:
Gold:   85         SH:  4    Dex:  9    Spells: 3/3 levels left

rFire   . . .      SeeInvis .   a - +0 war axe
rCold   . . .      Faith    .   c - +0 buckler
rNeg    + . .      Spirit   .   g - +0 chain mail
rPois   ∞          Reflect  .   (no helmet)
rElec   +          Harm     .   (no cloak)
rCorr   .          Rampage  .   (no gloves)
Will    .....                   (no boots)
Stlth   ..........              (no amulet)
HPRegen 0.09/turn               (no ring)
MPRegen 0.09/turn               (no ring)

@: no status effects
A: sickness immunity, AC +3, negative energy resistance 1, electricity
resistance, torment resistance 1, petrification resistance
a: no special abilities


You were on level 2 of the Dungeon.
You visited 1 branch of the dungeon, and saw 2 of its levels.

You collected 85 gold pieces.

Inventory:

Hand Weapons
 a - a +0 war axe (weapon)
 h - a +0 flail
Armour
 c - a +0 buckler (worn)
 g - a +0 chain mail (worn)
Scrolls
 b - a scroll of identify {unknown}
 e - a scroll of fear {unknown}
 f - 3 scrolls of magic mapping {unknown}
Potions
 d - a potion of might
 i - 2 potions of haste {unknown}


   Skills:
 + Level 3.7 Fighting
 + Level 2.7 Axes
 + Level 3.8 Armour
 + Level 3.8 Shields


You had 3 spell levels left.
You didn't know any spells.
Your spell library contained the following spells:

 Spells                   Type           Power      Damage    Failure   Level
 Sting                    Tmut/Pois      0%         1d3       99%         1
 Poisonous Vapours        Pois/Air       0%         N/A       99%         2
 Olgreb's Toxic Radiance  Pois           0%         N/A       100%        4


Dungeon Overview and Level Annotations

Branches:
Dungeon (2/15)

Altars:

Annotations:
D:2 Natasha


Innate Abilities, Weirdness & Mutations

You are immune to sickness and miasma.
Your stone body is resilient. (AC +3)
You are immune to poison.
You resist negative energy. (rN+)
You are resistant to electric shocks. (rElec)
You are resistant to unholy torment.
You are immune to petrification.


Message History

Natasha hisses angrily.
You slash the adder!
You kill the adder!
Natasha casts a spell. x2
You have reached level 4!
You feel clever.
The iron imp shouts, "Escape, thou artless unchin-snouted serf!"
The white imp gestures at you. The puff of frost hits you.
Your chain mail prevents you from hitting Natasha.
Natasha casts a spell.
The white imp barely misses you.
You completely miss Natasha.
Your chain mail prevents you from hitting the white imp.
Natasha barely misses you. The white imp barely misses you.
You closely miss Natasha. You hit the white imp. Natasha claws you!
Natasha claws you. The white imp closely misses you.
You hit Natasha.
Natasha is lightly wounded.
Your chain mail prevents you from hitting the white imp.
Your chain mail prevents you from hitting the iron imp.
The iron imp hits you but does no damage.
Natasha stares at you and mumbles some strange words.
You resist with some effort. The white imp completely misses you.
You hit Natasha.
Natasha is heavily wounded.
You hit the white imp. You hit the iron imp but do no damage.
The iron imp hits you but does no damage.
Natasha casts a spell at you. You resist with some effort.
The white imp barely misses you. The iron imp barely misses you.
Natasha claws you but does no damage.
You hit Natasha.
Natasha is heavily wounded.
You hit the iron imp. You hit the white imp but do no damage.
The white imp hits you. The white imp freezes you.
* * * LOW HITPOINT WARNING * * *
Natasha claws you but does no damage. The iron imp barely misses you.
The white imp gestures at you. The puff of frost hits you!
You die...

### ... #.###
...##
###..######
#.....55..###
#.....@h5...#
#.!.##.####.#.#
##. #.# ##. #.#
##..>##.#
........#
##...##.#
######.#
###..#.#


You could see an iron imp (summoned), Natasha and 2 white imps.

Vanquished Creatures
  Natasha (D:2)
  An adder (D:2)
  A dart slug (D:1)
  2 ball pythons (D:1)
  3 endoplasms
  3 giant cockroaches (D:1)
  2 goblins
  A hobgoblin (D:1)
  2 jackals (D:1)
  2 kobolds (D:1)
  2 quokkas (D:1)
  5 bats
  2 rats (D:1)
27 creatures vanquished.

Notes
Turn   | Place    | Note
-------+----------+-------------------------------------------
     0 | D:1      | bande the Gargoyle Fighter began the quest for the Orb.
     0 | D:1      | Reached XP level 1. HP: 14/14 MP: 1/1
   123 | D:1      | Reached XP level 2. HP: 19/19 MP: 2/2
   368 | D:1      | Found a faded altar of an unknown god.
   691 | D:1      | Reached XP level 3. HP: 20/23 MP: 3/3
  1510 | D:2      | Noticed Natasha
  1517 | D:2      | Killed Natasha
  1709 | D:2      | Noticed Natasha
  1711 | D:2      | Reached XP level 4. HP: 28/29 MP: 4/4
  1719 | D:2      | Killed from afar by a white imp

Illustrated notes

Levels and vault maps discovered:
D:1:      dpeg_arrival_long_road, layout_basic,
          shapermc_ecumenical_altar_ellora, minmay_misc_feat_square
D:2:      minmay_razor_zed, layout_loops_ring, serial_shops, shop, shop,
          uniq_natasha

Skill      XL: |  1  2 |
---------------+-------+-----
Axes           | 2 |  2.7
Fighting       | |  3.7
Armour         | |  3.8
Shields        | |  3.8

Action                   |  1- 3 |  4- 6 || total
-------------------------+-------+-------++-------
Melee: War axe           |    84 |     6 ||    90
Armor: Scale mail        |    37 |       ||    37
       Chain mail        |    22 |     4 ||    26
Dodge: Dodged            |    28 |     8 ||    36
Block: Buckler           |    25 |       ||    25

Table legend: (Time is in decaauts)
 A = Elapsed time spent in this place.
 B = Non-inter-level travel time spent in this place.
 C = Inter-level travel time spent in this place.
 D = Time resting spent in this place.
 E = Time spent auto-exploring this place.
 F = Levels seen in this place.
 G = Mean time per level.
                   A        B        C        D        E       F      G
               +--------+--------+--------+--------+--------+-----+--------+
         Total |   1764 |   1764 |      0 |    109 |   1031 |   2 |  882.0 |
       Dungeon |   1764 |   1764 |      0 |    109 |   1031 |   2 |  882.0 |
               +--------+--------+--------+--------+--------+-----+--------+

Top non-repeatable levels by time:
     D:1: 1517 daAuts
     D:2: 247 daAuts
